 Dungeon Crawl Stone Soup version 0.17-a0-1802-g9847487 (console) character file.

2548 Illiel the Slasher (level 9, 0/59 HPs)
             Began as a High Elf Warper on Sept 11, 2015.
             Was a Priest of Okawaru.
             Slain by an ogre
             ... wielding a +0 giant club
              (20 damage)
             ... on level 8 of the Dungeon.
             The game lasted 00:37:52 (8171 turns).

Illiel the Slasher (High Elf Warper)                Turns: 8171, Time: 00:37:52

Health: 0/59       AC:  8    Str: 10    XL:     9   Next: 30%
Magic:  16/18      EV: 15    Int: 21    God:    Okawaru [***...]
Gold:   402        SH:  0    Dex: 18    Spells: 3 memorised, 13 levels left

rFire  . . .     SeeInvis .     b - +1 long sword
rCold  + . .     Clarity  .     u - +1 ring mail {rC+}
rNeg   . . .     SustAt   .     (no shield)
rPois  .         Gourm    .     z - -1 helmet
rElec  .         Spirit   .     s - +0 cloak
rCorr  .         Warding  .     (no gloves)
rMut   .         Stasis   .     (no boots)
MR     .....                    (no amulet)
Stlth  ++........               F - +3 ring of intelligence
                                v - +2 ring of evasion

@: not resistant to hostile enchantments, unstealthy
A: no striking features
a: Heroism, Renounce Religion


You were on level 8 of the Dungeon.
You worshipped Okawaru.
Okawaru was most pleased with you.
You were hungry.

You visited 2 branches of the dungeon, and saw 9 of its levels.

You collected 402 gold pieces.

Inventory:

Hand weapons
 a - a +0 shortbow
 b - a +1 long sword (weapon)
Missiles
 o - 24 poisoned arrows
 r - 10 arrows of flame
 y - 18 arrows of dispersal
 H - 32 arrows
Armour
 s - a +0 cloak (worn)
 u - a +1 ring mail of cold resistance (worn)
 z - a -1 helmet (worn)
Jewellery
 p - an uncursed ring of fire
 v - a +2 ring of evasion (left hand)
 F - a +3 ring of intelligence (right hand)
 G - an uncursed ring of magical power
Magical devices
 e - a wand of draining (5)
 i - a wand of teleportation (3)
 m - a wand of hasting (5)
 C - a wand of invisibility (3)
Scrolls
 d - a scroll of blinking
 g - 2 scrolls of amnesia
 t - a scroll of remove curse
 A - 2 scrolls of enchant weapon
 B - 2 scrolls of identify
 J - a scroll of vulnerability
Potions
 h - a potion of magic
 j - 3 potions of curing
 k - 2 potions of flight {unknown}
 q - 6 potions of heal wounds
 w - a potion of haste {unknown}
 E - a potion of resistance {unknown}
Books
 c - a book of Spatial Translocations

   Spells                             Type                      Level
   a - Apportation                    Translocation                1
   b - Blink                          Translocation                2
   c - Shroud of Golubria             Charms/Translocation         2
   d - Portal Projectile              Translocation                3
   e - Teleport Other                 Translocation                3
   f - Passage of Golubria            Translocation                4
 x - a book of Enchantments

   Spells                             Type                      Level
   a - Cause Fear                     Hexes                        4
   b - Silence                        Hexes/Air                    5
   c - Deflect Missiles               Charms/Air                   6
   d - Haste                          Charms                       6
   e - Discord                        Hexes                        8
Comestibles
 f - 6 bread rations
 l - 6 fruits
 n - 3 meat rations
 D - 2 beef jerkies
 I - 7 slices of pizza
 K - 3 chunks of flesh


   Skills:
 - Level 4.7 Fighting
 - Level 5.9 Long Blades
 * Level 0.3 Bows
 - Level 1.1 Throwing
 - Level 3.8 Armour
 - Level 5.0 Dodging
 - Level 5.0 Stealth
 - Level 5.3 Spellcasting
 - Level 4.3 Charms
 - Level 5.6 Translocations
 + Level 0.2 Invocations
 - Level 3.2 Evocations


You had 13 spell levels left.
You knew the following spells:

 Your Spells              Type           Power        Failure   Level  Hunger
h - Shroud of Golubria    Chrm/Tloc      ####......   6%          2    None
p - Apportation           Tloc           ####......   2%          1    None
t - Blink                 Tloc           N/A          3%          2    None


Dungeon Overview and Level Annotations

Branches:
Dungeon (8/15)             Temple (1/1) D:4
   Lair: D:8-11

Altars:
Ashenzari
Cheibriados
Dithmenos
Elyvilon
Gozag
Kikubaaqudgha
Makhleb
Nemelex Xobeh
Okawaru
Qazlal
Ru
Sif Muna
Trog
Vehumet
Xom
Yredelemnul
Zin
The Shining One

Annotations:
D:5 Menkaure
D:7 Garrluk's ghost, experienced FoEE
D:8 Garrluk's ghost, experienced FoEE


Message History

Space distorts slightly along a thin shroud covering your body.
The ogre hits you with a giant club!
You barely miss the ogre.
The ogre is lightly wounded.
You slash the ogre!
The ogre is moderately wounded.
The ogre closely misses you.
You hit the ogre.
The ogre is heavily wounded.
Your shroud bends the ogre's attack away!!
You hit the ogre.
The ogre is heavily wounded.
The ogre closely misses you.
You barely miss the ogre.
The ogre is heavily wounded.
The ogre misses you.
You barely miss the ogre.
The ogre is heavily wounded.
The ogre hits you with a giant club!!
You die...

▒▒▒▒▒▒▒▒▒
▒▒▒▒▒▒▒▒▒∙∙∙∙∙∙∙∙
▒▒▒▒∙∙∙∙∙∙∙∙∙▒▒▒▒▒▒▒
∙∙▒∙▒▒▒▒▒▒▒▒▒ ▒ ▒∙▒∙▒ ▒▒
▒▒▒▒▒▒O▒∙▒▒▒▒ ▒▒∙
▒∙∙∙∙∙∙@∙∙∙∙î▒▒▒▒▒▒▒▒▒<∙
▒∙▒▒▒▒∙∙∙∙P∙∙∙∙∙∙∙∙▒▒∙∙∙
▒▒▒∙∙∙∙∙P▒▒▒∙∙▒▒∙∙∙
▒∙P∙≈P∙P▒∙∙∙<▒∙∙∙
▒∙∙≈î≈∙∙P∙∙∙∙▒▒∙∙
▒P≈≈≈î≈∙∙▒∙∙∙)∙∙∙
∙∙∙P≈î≈≈≈î∙∙▒∙∙▒∙∙∙
▒▒▒∙≈≈≈≈îîP∙∙∙∙∙∙∙∙
▒∙∙∙≈≈≈≈∙∙▒∙∙∙∙(∙
▒î∙∙≈≈≈∙∙▒∙∙∙∙∙∙∙
∙∙∙∙∙P∙∙∙▒∙▒▒>∙∙∙
▒∙▒P∙∙∙∙∙∙∙∙∙∙∙∙∙
▒∙▒▒PP∙∙∙∙∙▒∙▒∙∙∙
∙∙∙∙îP∙∙∙∙∙▒▒▒▒ ▒▒▒▒▒▒▒
∙▒ ▒


You could see an ogre.

Vanquished Creatures
  Prince Ribbit (D:6)
  A human (D:7)
  A hungry ghost (D:7)
  Eustachio (D:5)
  A hog (D:7)
  A water moccasin (D:6)
  A phantom (D:4)
  Duvessa (D:5)
  An orc warrior (D:5)
  An ogre (D:7)
  An ice beast (D:7)
  A centaur (D:8)
  A giant frog (D:7)
  Dowan (D:5)
  A scorpion (D:3)
  3 wights (D:7)
  A quasit (D:5)
  2 jellies
  A centaur skeleton (D:5)
  2 orc priests
  A giant frog skeleton (D:4)
  4 worker ants
  5 orc wizards
  A hound (D:4)
  5 iguanas
  A killer bee zombie (D:6)
  3 sheep (D:7)
  8 adders
  A gnoll (D:8)
  A shadow imp (D:8)
  An ooze (D:2)
  3 adder zombies
  3 adder skeletons
  3 worms
  3 giant geckos
  16 orcs
  A ball python (D:2)
  5 giant cockroaches
  4 goblins
  5 hobgoblins
  13 jackals
  4 quokkas
  3 bats
  A giant newt (D:3)
  A jackal skeleton (D:6)
  7 kobolds
  8 rats
135 creatures vanquished.

Notes
Turn   | Place    | Note
--------------------------------------------------------------
     0 | D:1      | Illiel the High Elf Warper began the quest for the Orb.
     0 | D:1      | Reached XP level 1. HP: 14/14 MP: 4/4
    79 | D:1      | Reached skill level 1 in Armour
   460 | D:1      | Reached XP level 2. HP: 10/19 MP: 6/6
   569 | D:1      | Learned a level 2 spell: Blink
   730 | D:2      | Learned a level 2 spell: Shroud of Golubria
   794 | D:2      | Reached skill level 1 in Stealth
   794 | D:2      | Reached XP level 3. HP: 13/24 MP: 8/8
  1883 | D:3      | Reached XP level 4. HP: 30/30 MP: 9/9
  2441 | D:3      | Found a burning altar of Makhleb.
  3237 | D:3      | Noticed a scorpion
  3247 | D:3      | Killed a scorpion
  3247 | D:3      | Reached skill level 1 in Charms
  3247 | D:3      | Reached XP level 5. HP: 30/35 MP: 10/10
  3760 | D:3      | Found an iron altar of Okawaru.
  3884 | D:4      | Reached skill level 4 in Translocations
  3943 | D:4      | Reached XP level 6. HP: 30/41 MP: 9/12
  4002 | D:3      | Became a worshipper of Warmaster Okawaru
  4042 | D:4      | Found a staircase to the Ecumenical Temple.
  4120 | Temple   | Entered the Ecumenical Temple
  4757 | D:4      | Noticed a phantom
  4814 | D:4      | Killed a phantom
  4814 | D:4      | Reached skill level 1 in Evocations
  4977 | D:5      | Entered Level 5 of the Dungeon
  4985 | D:5      | Noticed Eustachio
  5024 | D:5      | Killed Eustachio
  5024 | D:5      | Acquired Okawaru's first power
  5024 | D:5      | Reached XP level 7. HP: 36/46 MP: 10/13
  5229 | D:5      | Noticed Menkaure
  5277 | D:5      | Found a shattered altar of Ashenzari.
  5279 | D:5      | Found a basalt altar of Yredelemnul.
  5339 | D:5      | Found a stormy altar of Qazlal.
  5553 | D:5      | Noticed Dowan
  5557 | D:5      | Noticed Duvessa
  5559 | D:5      | Killed Dowan
  5567 | D:5      | Killed Duvessa
  5664 | D:6      | Found a shattered altar of Ashenzari.
  5705 | D:6      | Reached XP level 8. HP: 47/53 MP: 12/15
  5985 | D:6      | Identified a scroll of acquirement
  6529 | D:7      | Noticed Garrluk's ghost (experienced FoEE)
  6581 | D:7      | Reached skill level 5 in Translocations
  6694 | D:7      | Reached skill level 5 in Long Blades
  7086 | D:7      | Noticed Prince Ribbit
  7152 | D:6      | Killed Prince Ribbit
  7283 | D:7      | Reached skill level 5 in Spellcasting
  7653 | D:7      | Found a white marble altar of Elyvilon.
  7749 | D:7      | Reached XP level 9. HP: 56/59 MP: 14/17
  7988 | D:7      | Reached skill level 5 in Dodging
  8058 | D:8      | Reached skill level 5 in Stealth
  8171 | D:8      | Slain by an ogre

Vault maps used:
D:1:      tarquinn_simple_flora_water_f
D:2:      kennysheep_big_empty_room
D:3:      nicolae_overflow_crystal_walls, nicolae_overflow_hidden_temple
D:4:      minmay_temple_entry_fiery, nicolae_underground_beach
D:5:      grunt_temple_overflow_open, first_bread, uniq_menkaure,
          uniq_eustachio, uniq_duvessa
D:6:      cheibrodos_ashenzari_chains
D:7:      grunt_livestock, minmay_misc_feat_rows, elyvilon_altar_1,
          uniq_prince_ribbit1
D:8:      serial_bayou, serial_bayou_ford_a, serial_bayou_pond_a,
          serial_bayou_lagoon_a, serial_bayou_shore_a, special_room
Temple:   circular_temple_13

Action                   |  1- 3 |  4- 6 |  7- 9 || total
-------------------------+-------+-------+-------++-------
Melee: Falchion          |   148 |   297 |   132 ||   577
       Long sword        |       |       |   174 ||   174
       Scimitar          |       |       |    18 ||    18
 Fire: Shortbow          |       |       |     7 ||     7
Throw: Tomahawk          |       |     8 |       ||     8
 Cast: Blink             |     1 |       |       ||     1
       Shroud of Golubri |     9 |    30 |    37 ||    76
       Apportation       |       |       |     1 ||     1
Invok: Heroism           |       |       |     3 ||     3
Evoke: Wand              |       |     4 |    10 ||    14
  Use: Scroll            |       |     8 |    12 ||    20
       Potion            |       |     2 |       ||     2
 Stab: Sleeping          |     1 |     1 |     1 ||     3
       Distracted        |       |     1 |       ||     1
       Invisible         |       |     4 |     3 ||     7
  Eat: Chunk             |     3 |     7 |    11 ||    21
       Pizza             |       |     1 |       ||     1
       Beef jerky        |       |     1 |       ||     1
       Bread ration      |       |     1 |       ||     1
       Fruit             |       |       |     1 ||     1
